 Dungeon Crawl Stone Soup version 0.23.1-37-gaa34b87 (webtiles) character file.

Game seed: 2048953813646958603

14051 nuthulu the Fighter (level 11, -5/93 HPs)
             Began as a Demonspawn Fighter on Mar 26, 2019.
             Was a High Priest of Okawaru.
             Slain by a spiny frog (13 damage)
             ... on level 10 of the Dungeon.
             The game lasted 00:20:37 (13658 turns).

nuthulu the Fighter (Demonspawn Fighter)           Turns: 13658, Time: 00:20:38

Health: -5/93      AC: 19    Str: 25    XL:     11   Next: 83%
Magic:  11/11      EV: 11    Int: 14    God:    Okawaru [*****.]
Gold:   489        SH: 13    Dex: 17    Spells: 10/10 levels left

rFire    . . .     SeeInvis +   a - +4 flail
rCold    . . .     Gourm    .   c - +0 shield
rNeg     . . .     Faith    .   i - +0 plate armour
rPois    .         Spirit   .   u - +2 helmet
rElec    .         Reflect  .   (no cloak)
rCorr    .         Harm     .   h - +2 pair of gloves
MR       .....                  (no boots)
Stlth    ..........             (no amulet)
HPRegen  0.25/turn              y - ring of see invisible
MPRegen  0.12/turn              A - +4 ring of intelligence

@: mighty, agile, about to teleport, very slightly contaminated, hasted, very
quick
A: talons 2, thin metallic scales 1, foul stench 1, powered by pain 2, rot
immunity
a: Heroism, Finesse, Renounce Religion


You were on level 10 of the Dungeon.
You worshipped Okawaru.
Okawaru was extremely pleased with you.
You were not hungry.

You visited 3 branches of the dungeon, and saw 13 of its levels.

You collected 717 gold pieces.
You spent 228 gold pieces at shops.

Inventory:

Hand Weapons
 a - a +4 flail (weapon)
Armour
 c - a +0 shield (worn)
 h - a +2 pair of gloves (worn)
 i - a +0 plate armour (worn)
 u - a +2 helmet (worn)
Jewellery
 y - a ring of see invisible (left hand)
 A - a +4 ring of intelligence (right hand)
Wands
 p - a wand of enslavement (10)
 t - a wand of polymorph (5)
 z - a wand of paralysis (10)
 E - a wand of disintegration (21)
 G - a wand of digging (7)
Scrolls
 j - 2 scrolls of magic mapping
 m - 9 scrolls of teleportation
 r - 3 scrolls of remove curse
 s - a scroll of fear
 D - 2 scrolls of amnesia
Potions
 b - a potion of mutation
 d - a potion of might
 g - 2 potions of agility
 l - a potion of haste
 n - 2 potions of magic
 o - 2 potions of ambrosia
 q - 4 potions of lignification
 v - a potion of berserk rage
 B - a potion of flight
Comestibles
 f - 23 rations


   Skills:
 + Level 11.4 Fighting
 + Level 10.4 Maces & Flails
 - Level 2.6 Armour
 + Level 10.6 Shields


You had 10 spell levels left.
You didn't know any spells.
Your spell library contained the following spells:

 Spells                   Type           Power        Failure   Level  Hunger
 Flame Tongue             Conj/Fire      #....        100%        1    ##.....
 Summon Small Mammal      Summ           #...         100%        1    ##.....
 Call Imp                 Summ           #.......     100%        2    ###....
 Throw Flame              Conj/Fire      #.....       100%        2    ###....
 Call Canine Familiar     Summ           #.......     100%        3    ####...
 Conjure Flame            Conj/Fire      #.......     100%        3    ####...
 Inner Flame              Hex/Fire       #.......     100%        3    ####...
 Summon Guardian Golem    Hex/Summ       #.......     100%        3    ####...
 Sticky Flame             Conj/Fire      #.......     100%        4    #####..
 Summon Ice Beast         Ice/Summ       #.......     100%        4    #####..
 Summon Lightning Spire   Summ/Air       #.......     100%        4    #####..
 Fireball                 Conj/Fire      #.........   100%        5    ######.


Dungeon Overview and Level Annotations

Branches:
Dungeon (11/15)            Temple (1/1) D:4            Lair (1/6) D:10
    Orc: D:9-12

Altars:
Ashenzari
Cheibriados
Dithmenos
Elyvilon
Fedhas
Gozag
Hepliaklqana
Kikubaaqudgha
Makhleb
Nemelex Xobeh
Okawaru
Qazlal
Ru
Sif Muna
Trog
Uskayaw
Vehumet
Wu Jian
Xom
Yredelemnul
Zin
The Shining One

Shops:
D:4 ?   D:5 ?   D:9 (

Annotations:
D:7 2 runed translucent doors, exclusion: orange crystal statue


Innate Abilities, Weirdness & Mutations

You have razor-sharp toenails.
You are partially covered in thin metallic scales. (AC +2)
You may emit foul miasma when damaged in melee.
You sometimes gain power by taking damage.
You are immune to rotting.


Message History

* * * LOW HITPOINT WARNING * * *
Unknown command.
Unknown command.
Unknown command.
Blink to where?
Press: ? - help, Dir - move target cursor
As you read the scroll of blinking, it crumbles to dust.
As you read the scroll of fog, it crumbles to dust.
The scroll dissolves into smoke.
As you read the scroll of fear, it crumbles to dust.
You assume a fearsome visage.
Nothing appears to happen.
As you read the scroll of teleportation, it crumbles to dust.
You feel strangely unstable. You block the black mamba's attack.
As you read the scroll of fear, it crumbles to dust.
You assume a fearsome visage.
The black mamba looks frightened!
You hit the spiny frog. You claw the spiny frog!
The spiny frog is moderately wounded.
You block the spiny frog's attack.
You feel yourself speed up. The spiny frog stings you!
You die...

####..............#######
#.......###.............#
#.##.##.# #.......#####.#
#.##.##.# #.>.....# #.#
#.##..#.# #.......# ###.#
#.###<#.# #....#### #...#
#.###.#.# ###### #.###
#.......# ####### #.#
#####.###
#..§§@#####.#### #.#
#..§F§##......[# #.#
#..Y§§##.##.##># #.#
##.§...##....##.# #.#
#......##..####.# ##.#
#S##.#.##..####.# #..#
#.##.#.##.......# #.##
#.##...)....##### #.#
#F####[###..#


You could see a spiny frog and a dream sheep.

Vanquished Creatures
  A hydra (D:11)
  A two-headed ogre (D:8)
  5 death yaks
  An unseen horror (D:10)
  Pikel (D:5)
  An ugly thing (D:11)
  A gargoyle (D:11)
  A centaur skeleton (D:11)
  3 trolls
  A dream sheep (D:10)
  3 hippogriffs
  A meliai zombie (D:11)
  Sigmund (D:5)
  4 yaks
  A vampire (D:11)
  A wraith (D:10)
  3 hogs (D:9)
  A hungry ghost (D:8)
  A human (D:9)
  A black bear (D:8)
  3 ice beasts
  4 slaves (D:5)
  A hornet zombie (D:9)
  5 orc warriors
  2 sky beasts
  6 ogres
  3 phantoms
  4 centaurs
  A crocodile (D:11)
  6 bullfrogs
  A gnoll sergeant (D:8)
  2 scorpions
  6 killer bees
  2 howler monkeys
  4 crimson imps
  A centaur zombie (D:10)
  9 orc priests
  3 bullfrog skeletons
  2 hounds
  12 orc wizards
  A jelly (D:8)
  6 worker ants
  A hound zombie (D:6)
  3 hound skeletons
  7 gnolls
  11 adders
  A shadow imp (D:11)
  3 adder skeletons
  3 worms
  2 dart slugs
  8 leopard geckos
  32 orcs
  3 giant cockroaches
  9 goblins
  9 hobgoblins
  2 jackals
  8 quokkas
  3 ball pythons
  6 bats
  4 frilled lizards
  3 jackal skeletons
  4 kobolds
  A quokka zombie (D:6)
  7 rats
247 creatures vanquished.

Notes
Turn   | Place    | Note
-------+----------+-------------------------------------------
     0 | D:1      | nuthulu the Demonspawn Fighter began the quest for the Orb.
     0 | D:1      | Reached XP level 1. HP: 18/18 MP: 1/1
   143 | D:1      | Gained mutation: You have sharp toenails. [demonic
                  | ancestry]
   143 | D:1      | Reached XP level 2. HP: 24/24 MP: 2/2
   957 | D:2      | Gained mutation: You have razor-sharp toenails. [demonic
                  | ancestry]
   957 | D:2      | Reached XP level 3. HP: 29/29 MP: 3/3
  1290 | D:2      | Found a hide-covered altar of Uskayaw.
  1484 | D:2      | Gained mutation: You are partially covered in thin metallic
                  | scales. (AC +2) [demonic ancestry]
  1484 | D:2      | Reached XP level 4. HP: 37/37 MP: 4/4
  1893 | D:3      | Found a sacrificial altar of Ru.
  2453 | D:4      | Noticed a centaur
  2464 | D:3      | Reached skill level 4 in Fighting
  2464 | D:3      | Gained mutation: You are immune to rotting. [demonic
                  | ancestry]
  2464 | D:3      | Reached XP level 5. HP: 32/42 MP: 5/5
  2860 | D:3      | Killed a centaur
  2863 | D:3      | Gained mutation: You sometimes gain a little power by
                  | taking damage. [demonic ancestry]
  2863 | D:3      | Reached XP level 6. HP: 37/49 MP: 6/6
  3376 | D:4      | Found a staircase to the Ecumenical Temple.
  3389 | Temple   | Entered the Ecumenical Temple
  3787 | D:3      | Reached skill level 5 in Fighting
  4054 | D:4      | Reached XP level 7. HP: 55/56 MP: 7/7
  4668 | D:4      | Found Wampiz's Magic Scroll Boutique.
  4697 | D:5      | Entered Level 5 of the Dungeon
  4706 | D:5      | Reached skill level 5 in Shields
  5285 | D:5      | Found Viaca's Magic Scroll Emporium.
  5292 | D:5      | Bought a scroll of identify for 24 gold pieces
  5304 | D:5      | Bought a scroll of identify for 24 gold pieces
  5305 | D:5      | Bought a scroll of enchant weapon for 90 gold pieces
  5305 | D:5      | Bought a scroll of enchant armour for 90 gold pieces
  5410 | D:5      | Noticed Sigmund
  5425 | D:5      | Killed Sigmund
  5425 | D:5      | Reached skill level 6 in Fighting
  5425 | D:5      | Reached skill level 5 in Maces & Flails
  5572 | D:5      | Reached XP level 8. HP: 64/64 MP: 8/8
  5897 | D:5      | Noticed Pikel
  5916 | D:5      | Killed Pikel
  6155 | D:6      | Reached skill level 7 in Fighting
  6411 | D:6      | Found a shadowy altar of Dithmenos.
  6626 | D:6      | Reached XP level 9. HP: 72/72 MP: 9/9
  6829 | D:7      | Found a shattered altar of Ashenzari.
  6910 | D:7      | Found a hazy altar of Hepliaklqana.
  6918 | D:7      | Found a sparkling altar of Nemelex Xobeh.
  7194 | D:7      | Reached skill level 8 in Fighting
  7203 | D:7      | Found a glowing golden altar of the Shining One.
  7211 | D:7      | Noticed an angel
  7223 | D:7      | Found a basalt altar of Yredelemnul.
  7225 | D:7      | Noticed a profane servitor
  7285 | D:7      | Found a runed translucent door.
  7291 | D:7      | Found the +10 large shield of Ignorance {rN+ Int-4}
  7306 | D:7      | Found a runed translucent door.
  7307 | D:7      | Noticed an orange crystal statue
  7375 | D:7      | Found a stormy altar of Qazlal.
  7489 | D:7      | Found an iron altar of Okawaru.
  7500 | D:7      | Became a worshipper of Warmaster Okawaru
  8663 | D:8      | Noticed a two-headed ogre
  8676 | D:8      | Killed a two-headed ogre
  8676 | D:8      | Reached * piety under Okawaru
  8676 | D:8      | Reached skill level 9 in Fighting
  8676 | D:8      | Gained mutation: You sometimes gain power by taking damage.
                  | [demonic ancestry]
  8676 | D:8      | Reached XP level 10. HP: 63/83 MP: 10/10
  9209 | D:9      | Reached ** piety under Okawaru
  9471 | D:9      | Found a glowing golden altar of the Shining One.
  9629 | D:9      | Found a burning altar of Makhleb.
  9870 | D:9      | Found Lixzeigh's Weapon Boutique.
 10655 | D:10     | Entered Level 10 of the Dungeon
 10730 | D:10     | Noticed a death yak
 10730 | D:10     | Noticed a death yak
 10789 | D:9      | Killed a death yak
 10789 | D:9      | Reached *** piety under Okawaru
 10789 | D:9      | Reached skill level 10 in Fighting
 11047 | D:10     | Noticed an unseen horror
 11122 | D:10     | Killed an unseen horror
 11122 | D:10     | Gained mutation: You may emit foul miasma when damaged in
                  | melee. [demonic ancestry]
 11122 | D:10     | Reached XP level 11. HP: 58/92 MP: 11/11
 11302 | D:10     | Noticed a death yak
 11302 | D:10     | Noticed a death yak
 11303 | D:10     | Noticed a death yak
 11350 | D:9      | Killed a death yak
 11350 | D:9      | Reached **** piety under Okawaru
 11373 | D:9      | Killed a death yak
 11588 | D:10     | Received a gift from Okawaru
 11607 | D:9      | Killed a death yak
 11664 | D:10     | Killed a death yak
 11664 | D:10     | Reached skill level 10 in Shields
 11800 | D:10     | Found a staircase to the Lair.
 12135 | D:11     | Reached skill level 11 in Fighting
 12335 | D:11     | Reached skill level 10 in Maces & Flails
 12395 | D:11     | Noticed a brown ugly thing
 12405 | D:11     | Killed a brown ugly thing
 12612 | D:11     | Reached ***** piety under Okawaru
 12994 | D:11     | Noticed a five-headed hydra
 13008 | D:11     | Killed a five-headed hydra
 13528 | Lair:1   | Entered Level 1 of the Lair of Beasts
 13528 | Lair:1   | Noticed a four-headed hydra
 13658 | D:10     | Slain by a spiny frog

Skill      XL: |  1  2  3  4  5  6  7  8  9 10 11 |
---------------+----------------------------------+-----
Maces & Flails | 2 3 4 5 6 7 9 10 | 10.4
Shields        | 3 4 5 6 8 9 10 | 10.6
Fighting       | 4 5 6 7 9 10 11 | 11.4
Armour         | |  2.6

Action                   |  1- 3 |  4- 6 |  7- 9 | 10-12 || total
-------------------------+-------+-------+-------+-------++-------
Melee: Flail             |   121 |   191 |   369 |   402 ||  1083
       Kick              |    17 |    53 |    92 |   140 ||   302
Invok: Heroism           |       |       |       |     6 ||     6
  Use: Scroll            |     5 |     9 |    12 |    12 ||    38
       Potion            |       |     1 |     1 |     4 ||     6
  Eat: Chunk             |     2 |     5 |     5 |    17 ||    29
       Ration            |       |     1 |     3 |     2 ||     6
Armor: Scale mail        |     8 |       |       |       ||     8
       Plate armour      |    88 |   166 |   290 |   179 ||   723
Dodge: Dodged            |    17 |    28 |    63 |    57 ||   165
Block: Shield            |    55 |   121 |   233 |   217 ||   626
